 Dungeon Crawl Stone Soup version 0.24-a0-447-ge8da9206dc (webtiles) character file.

Game seed: 14695013373352976645

210 Gargoyl the Skirmisher (level 5, -2/46 HPs)
             Began as a Centaur Abyssal Knight on June 25, 2019.
             Was a Believer of Lugonu.
             Slain by Menkaure (20 damage)
             ... on level 4 of the Dungeon.
             The game lasted 00:05:59 (3721 turns).

Gargoyl the Skirmisher (Centaur Abyssal Knight)     Turns: 3721, Time: 00:06:00

Health: -2/46      AC:  8    Str: 15    XL:     5   Next: 57%
Magic:  7/7        EV:  8    Int: 11    God:    Lugonu [**....]
Gold:   169        SH:  0    Dex:  9    Spells: 4/4 levels left

rFire    . . .     SeeInvis .   a - +1 hand axe
rCold    . . .     Gourm    .   (no shield)
rNeg     . . .     Faith    .   d - +0 ring mail
rPois    .         Spirit   .   g - +0 helmet (curse)
rElec    .         Reflect  .   (no cloak)
rCorr    .         Harm     .   e - +0 pair of gloves
MR       .....                  (no barding)
Stlth    ..........             (no amulet)
HPRegen  0.15/turn              (no ring)
MPRegen  0.10/turn              (no ring)

@: very slightly contaminated, invisible, very quick
A: large, hooves 3, deformed body, speed 2, tough skin 3
a: Depart the Abyss, Bend Space, Renounce Religion


You were on level 4 of the Dungeon.
You worshipped Lugonu.
Lugonu was pleased with you.
You were not hungry.

You visited 1 branch of the dungeon, and saw 5 of its levels.
You visited the Abyss 1 time.

You collected 169 gold pieces.

Inventory:

Hand Weapons
 a - a +1 hand axe (weapon)
Armour
 d - a +0 ring mail (worn)
 e - a +0 pair of gloves (worn)
 g - a cursed +0 helmet (worn)
Jewellery
 i - an uncursed ring of protection from magic {unknown}
Wands
 q - a wand of random effects (24)
Scrolls
 f - 2 scrolls of teleportation {unknown}
 j - 2 scrolls of magic mapping {unknown}
 l - a scroll of remove curse {unknown}
 m - a scroll of amnesia {unknown}
 n - a scroll of enchant armour {unknown}
 o - 2 scrolls of identify {unknown}
Potions
 b - a potion of curing
Comestibles
 c - 8 rations


   Skills:
 + Level 3.8 Fighting
 + Level 3.0 Axes
 * Level 2.4 Armour
 * Level 1.7 Dodging
 * Level 3.1 Invocations


You had 4 spell levels left.
You didn't know any spells.
Your spell library was empty.

Dungeon Overview and Level Annotations

Branches:
Dungeon (5/15)
 Temple: D:4-7

Altars:
Nemelex Xobeh
Qazlal
Ru
Sif Muna

Annotations:
D:4 Menkaure


Innate Abilities, Weirdness & Mutations

You have hooves in place of feet.
Armour fits poorly on your strangely shaped body.
You cover ground very quickly.
You have extremely tough skin. (AC +3)


Message History

Your body is wracked with pain!
* * * LOW HITPOINT WARNING * * *
It was a potion of flight.
You feel very buoyant.
You fly up into the air.
Menkaure closely misses you.
It was a potion of cancellation.
Your magical effects are unravelling.
You feel magically purged.
You float gracefully downwards.
Menkaure hits you but does no damage.
It was a potion of invisibility.
You fade into invisibility!
Menkaure hits you but does no damage.
Menkaure sighs in an indecipherable tongue.
Menkaure barely misses you.
You are very lightly contaminated with residual magic.
You hit Menkaure but do no damage.
Menkaure is heavily damaged.
Menkaure hits you but does no damage.
You feel better. Menkaure hits you!!
You die...

.................
###.###.####..รท..
#.#...###..)...
##..............
##.........#..... #
................. ....
###......#.......
.....###........#.......
......M@.>.............#
................#......#
................#......#
...(............########
.....####.......# .....
#.####.... .... #..#
##.... .... #.## #####
..


You could see Menkaure.

Vanquished Creatures
  An orc wizard (D:3)
  A worker ant (D:3)
  Robin (D:2)
  6 adders
  An adder skeleton (D:4)
  A worm (D:2)
  4 dart slugs
  2 leopard geckos
  6 orcs
  A ball python (D:1)
  4 giant cockroaches
  7 goblins
  9 hobgoblins
  3 jackals (D:2)
  3 quokkas
  7 bats
  4 frilled lizards
  8 kobolds
  3 rats (D:1)
72 creatures vanquished.

Notes
Turn   | Place    | Note
-------+----------+-------------------------------------------
     0 | Abyss:1  | Gargoyl the Centaur Abyssal Knight began the quest for the
                  | Orb.
     0 | Abyss:1  | Reached XP level 1. HP: 19/19 MP: 2/2
   148 | Abyss:1  | Noticed a starcursed mass
   151 | D:1      | Escaped the Abyss
   610 | D:1      | Reached XP level 2. HP: 23/26 MP: 3/3
   665 | D:1      | Reached * piety under Lugonu
   805 | D:1      | Reached skill level 1 in Dodging
  1197 | D:2      | Reached XP level 3. HP: 23/31 MP: 4/4
  1266 | D:2      | Noticed Robin
  1277 | D:2      | Killed Robin
  1460 | D:2      | Found a sparkling altar of Nemelex Xobeh.
  1460 | D:2      | Found a faded altar of an unknown god.
  1467 | D:2      | Found a sacrificial altar of Ru.
  1469 | D:2      | Found a faded altar of an unknown god.
  1471 | D:2      | Found a stormy altar of Qazlal.
  1687 | D:2      | Reached ** piety under Lugonu
  1687 | D:2      | Reached XP level 4. HP: 13/38 MP: 5/5
  2617 | D:3      | Found a deep blue altar of Sif Muna.
  3066 | D:3      | Reached XP level 5. HP: 45/45 MP: 7/7
  3702 | D:4      | Noticed Menkaure
  3707 | D:5      | Entered Level 5 of the Dungeon
  3721 | D:4      | Slain by Menkaure

Levels and vault maps discovered:
D:1:      dpeg_arrival_water_fire, layout_loops_ring
D:2:      layout_loops_ring, chequers_temple_overflow_minitemple, uniq_robin
D:3:      cheibrodos_old_hovel, layout_loops_ring, lemuel_crystal_altar
D:4:      layout_rooms, kennysheep_slug_shrine, uniq_menkaure, uniq_duvessa
D:5:      layout_cave_pods, okawaru_gym_becter, temple_pool_b, first_ration,
          grunt_ministairs_15, kennysheep_generic_room_12

Skill      XL: |  1  2  3  4  5 |
---------------+----------------+-----
Dodging        | 1 |  1.7
Axes           | 2 3 |  3.0
Armour         | 2 |  2.4
Invocations    | 3 |  3.1
Fighting       | |  3.8

Action                   |  1- 3 |  4- 6 || total
-------------------------+-------+-------++-------
Melee: Hand axe          |   105 |   154 ||   259
       Kick              |    14 |    19 ||    33
Invok: Depart the Abyss  |     1 |       ||     1
  Use: Potion            |     2 |     7 ||     9
  Eat: Chunk             |     1 |     6 ||     7
Armor: Leather armour    |     7 |       ||     7
       Ring mail         |    59 |    81 ||   140
Dodge: Dodged            |    81 |    76 ||   157

Table legend:
 A = Non-vault XP
 B = Vault XP
 C = Vault XP percentage of total XP
 D = Non-vault monster count
 E = Vault monster count
 F = Vault count percentage of total count
                 A         B        C        D         E       F
            +---------+---------+-------+---------+---------+-------
      Total |     264 |      37 |  12.3 |      59 |      13 |  18.1
            +---------+---------+-------+---------+---------+-------
        D:1 |      27 |       0 |   0.0 |      16 |       0 |   0.0
        D:2 |      58 |      36 |  38.3 |      20 |      12 |  37.5
        D:3 |     155 |       1 |   0.6 |      19 |       1 |   5.0
        D:4 |      24 |       0 |   0.0 |       4 |       0 |   0.0
            +---------+---------+-------+---------+---------+-------
